Map: Thunderbird LE

Players

CuKu

  • Race: Terran Terran
  • League: Master
  • Spawn Location: 11:00

Mez - Winner!

  • Race: Terran Terran
  • League: Master
  • Spawn Location: 5:00

VOD

Have the link to the VOD?

Description

Time

  • Played on: Sept. 9, 2019, 12:41 p.m.
  • Length: 17:05
Show
View Real Time Build Order
Export as new Build Order

CuKu Terran 

Build Orders: Gas First Reaper Expand, Hellion Opening, Mech 

Get SALT Encoding   

  12  0:04  SCV  
  13  0:17  SCV  
  13  0:20  Supply Depot  
  14  0:30  SCV  
  14  0:34  Refinery  
  15  0:42  SCV  
  16  0:48  Barracks  
  16  0:54  SCV  
  17  1:06  SCV  
  18  1:19  SCV  
  19  1:38  Orbital Command, Reaper  
  20  1:50  Command Center  
  20  1:58  Factory  
  20  2:04  SCV  
  21  2:14  Barracks Reactor  
  21  2:15  Refinery  
  21  2:16  SCV  
  22  2:26  Supply Depot  
  22  2:35  SCV  
  22  2:54  SCV  
  23  2:59  Starport  
  23  3:01  Barracks Tech Lab  
  23  3:06  Hellion x2  
  23  3:08  Orbital Command  
  23  3:10  SCV  
  28  3:22  SCV  
  29  3:27  Hellion  
  29  3:28  Hellion  
  33  3:34  SCV  
  34  3:48  SCV, Barracks Tech Lab  
  34  3:50  SCV  
  34  3:55  Raven  
  37  3:57  Hellion x2  
  37  4:00  SCV, Supply Depot  
  37  4:01  Refinery  
  42  4:04  Refinery  
  42  4:09  SCV  
  43  4:15  SCV  
  44  4:21  SCV  
  45  4:28  SCV  
  45  4:29  Marine x2  
  45  4:30  Siege Tank  
  51  4:33  SCV  
  51  4:36  Supply Depot  
  52  4:40  SCV, Supply Depot  
  52  4:43  Raven  
  46  5:00  Marine x2  
  46  5:01  SCV  
  46  5:03  SCV  
  48  5:13  SCV  
  47  5:17  SCV  
  48  5:23  Command Center  
  48  5:25  SCV  
  48  5:26  Siege Tank  
  52  5:29  SCV  
  53  5:37  Viking x2  
  53  5:38  SCV  
  53  5:41  SCV  
  59  5:50  SCV, Barracks Reactor  
  59  5:53  SCV  
  61  6:05  Factory  
  61  6:07  SCV  
  61  6:08  Factory  
  62  6:17  SCV  
  60  6:22  SCV  
  61  6:29  SCV  
  62  6:34  SCV  
  62  6:36  Viking  
  62  6:37  Viking  
  62  6:38  Siege Tank  
  70  6:44  SCV  
  70  6:46  Orbital Command  
  71  6:49  SCV  
  72  6:56  SCV  
  73  7:01  SCV  
  73  7:07  Hellion  
  73  7:08  Siege Tank, SCV, Hellion, Viking  
  84  7:11  Viking  
  85  7:25  SCV  
  85  7:28  Siege Tank  
  84  7:35  SCV  
  78  7:40  Cyclone, Hellion x2  
  85  7:44  Refinery  
  85  7:45  Refinery  
  85  7:48  Command Center  
  85  7:54  SCV x3, Armory  
  85  7:55  Armory  
  85  7:57  Supply Depot x2  
  88  8:00  Cyclone  
  91  8:06  SCV x2  
  93  8:16  SCV  
  92  8:23  SCV  
  92  8:26  Siege Tank, Hellion x2  
  100  8:27  SCV  
  100  8:32  Command Center  
  100  8:33  Command Center  
  101  8:40  Siege Tank  
  101  8:41  SCV  
  105  8:43  SCV  
  105  8:45  SCV  
  105  8:48  Terran Vehicle And Ship Armor Level 1, Supply Depot, Terran Vehicle Weapons Level 1  
  107  8:49  Supply Depot  
  107  8:52  Engineering Bay  
  107  8:58  SCV  
  107  9:01  SCV  
  109  9:09  Siege Tank, Factory x2  
  114  9:10  Hellion x2, Viking  
  114  9:16  Viking  
  117  9:18  SCV  
  117  9:23  Liberator  
  114  9:24  SCV  
  114  9:26  SCV  
  116  9:34  Siege Tank  
  116  9:35  Hellion x2  
  115  9:56  SCV  
  111  10:06  SCV  
  112  10:07  Factory Tech Lab  
  112  10:08  Factory Reactor  
  112  10:09  Siege Tank x2, Hellion x2  
  112  10:12  SCV  
  123  10:18  Refinery  
  123  10:21  Refinery  
  123  10:22  Orbital Command x2  
  123  10:25  SCV  
  123  10:27  Command Center  
  124  10:33  Planetary Fortress  
  124  10:34  SCV  
  125  10:45  Siege Tank, Hellion x4  
  125  10:46  Infernal Pre-Igniter, Siege Tank x2  
  142  10:54  SCV  
  142  10:55  Supply Depot x2  
  143  10:58  Sensor Tower  
  143  11:01  Sensor Tower  
  144  11:04  SCV  
  129  11:16  Orbital Command  
  125  11:19  SCV  
  125  11:21  Siege Tank x3, Hellion x3  
  125  11:25  SCV x2  
  143  11:29  SCV  
  144  11:34  Terran Vehicle And Ship Armor Level 2  
  144  11:39  Starport  
  144  11:44  Hellion x2  
  144  11:45  Hellion  
  150  11:53  Siege Tank  
  150  11:54  SCV  
  154  12:00  Terran Ship Weapons Level 1  
  154  12:05  SCV  
  155  12:08  SCV  
  155  12:09  Thor x2  
  155  12:10  Hellion x4  
  155  12:11  Planetary Fortress  
  155  12:14  SCV  
  177  12:32  Starport Reactor  
  177  12:36  Fusion Core, Starport  
  177  12:38  Hellion  
  177  12:39  Hellion  
  177  12:40  Siege Tank  
  184  12:57  Siege Tank  
  185  13:00  Siege Tank  
  177  13:21  Hellion x2  
  177  13:22  Hellion x2  
  177  13:23  Starport Reactor  
  175  13:42  Hellion x2  
  175  13:43  Thor x2  
  182  13:50  Factory x2  
  182  13:53  Factory  
  181  13:55  Missile Turret  
  181  13:56  Thor  
  181  13:59  Missile Turret  
  181  14:00  Sensor Tower  
  181  14:01  Missile Turret x3  
  185  14:04  Missile Turret  
  185  14:05  Missile Turret  
  172  14:21  SCV  
  169  14:26  Thor x2  
  174  14:32  SCV  
  175  14:39  Thor  
  175  14:42  Widow Mine x2  
  185  14:53  Widow Mine x2  
  185  14:57  Hellion  
  151  15:07  Factory Tech Lab x2  
  128  15:08  Thor  
  128  15:09  Thor  
  130  15:22  Thor  
  130  15:24  SCV x2  
  130  15:28  Thor x2  
  136  15:36  Thor  
  136  15:37  Thor  
  136  15:38  Hellion x3  
  136  15:40  SCV  
  149  15:51  Thor x2  
  153  15:57  SCV  
  153  15:58  Orbital Command  
  153  16:01  Hellion  
  153  16:02  Hellion x3  
  162  16:04  SCV  
  161  16:18  Siege Tank  
  161  16:19  Siege Tank  
Show
View Real Time Build Order
Export as new Build Order

Mez Terran - Winner!

Build Orders: Gas First Reaper Expand, Hellion Opening 

Get SALT Encoding   

  12  0:01  SCV  
  13  0:13  SCV  
  14  0:17  Supply Depot  
  14  0:25  SCV  
  15  0:34  Refinery  
  15  0:39  SCV  
  16  0:45  Barracks  
  16  0:52  SCV  
  17  1:04  SCV  
  18  1:16  SCV  
  19  1:32  Orbital Command, Reaper  
  20  1:45  Command Center  
  20  1:59  Factory  
  20  2:00  SCV  
  21  2:13  SCV  
  21  2:15  Barracks Reactor  
  22  2:16  Supply Depot  
  22  2:19  Refinery  
  22  2:36  SCV  
  23  2:48  SCV  
  22  3:00  Hellion x2  
  22  3:03  Orbital Command  
  22  3:04  Starport  
  26  3:07  Barracks Tech Lab  
  26  3:11  SCV  
  27  3:21  Hellion x2  
  27  3:26  Marauder, Concussive Shells  
  33  3:41  Medivac  
  35  3:49  Hellion x2  
  35  3:50  Marauder  
  35  3:52  SCV x2  
  43  3:56  Supply Depot  
  43  4:00  Liberator  
  43  4:04  SCV x2  
  45  4:20  SCV x2, Supply Depot  
  50  4:26  Cyclone  
  50  4:27  Marine  
  54  4:41  Marine, SCV x2  
  47  4:53  SCV x2  
  43  5:14  Marine x2  
  43  5:15  SCV x2  
  43  5:18  Factory Tech Lab  
  43  5:19  Raven  
  43  5:20  Barracks  
  49  5:21  Barracks  
  49  5:26  Command Center  
  49  5:29  SCV x2  
  51  5:37  Siege Tank  
  51  5:40  Refinery  
  51  5:41  SCV, Refinery  
  51  5:42  SCV  
  56  5:43  Supply Depot  
  56  5:44  Marine x2  
  58  5:54  SCV x2  
  60  6:06  SCV x2, Raven  
  64  6:18  SCV x2  
  66  6:20  Barracks Reactor x2  
  66  6:28  Supply Depot  
  66  6:30  SCV, Supply Depot, Engineering Bay  
  66  6:31  SCV, Engineering Bay  
  66  6:32  Marine x2  
  67  6:35  Barracks  
  67  6:36  Barracks  
  67  6:37  Siege Tank  
  67  6:39  Orbital Command  
  70  6:52  Supply Depot  
  70  6:54  Supply Depot  
  69  6:56  SCV x2  
  69  6:59  Marine  
  69  7:00  Stimpack, Viking  
  69  7:01  Viking  
  76  7:02  Marine  
  76  7:03  Marine x2  
  76  7:04  Marine  
  76  7:07  SCV  
  81  7:09  Siege Tank  
  81  7:14  SCV x2  
  86  7:17  Marine  
  86  7:20  Marine  
  85  7:24  Marine x2  
  85  7:25  Marine  
  83  7:31  Viking x2  
  83  7:33  Marine x2  
  83  7:35  Marine  
  82  7:37  Marine  
  82  7:42  Marine x2  
  82  7:44  Siege Tank  
  89  7:47  Terran Infantry Armor Level 1, Terran Infantry Weapons Level 1  
  89  7:48  SCV x2  
  89  7:49  SCV  
  93  7:52  Marine, Refinery  
  93  7:53  Marine  
  93  7:55  Marine, Barracks Reactor x2  
  94  8:00  SCV, Supply Depot  
  94  8:01  SCV, Supply Depot  
  94  8:02  SCV  
  97  8:08  Marine x2  
  97  8:10  Marine x2  
  101  8:13  SCV x2  
  101  8:14  SCV  
  101  8:15  Marine  
  101  8:16  Cyclone  
  108  8:22  Barracks Tech Lab x2  
  108  8:25  SCV  
  108  8:26  Marine x2  
  109  8:38  Medivac x2  
  109  8:39  Marine x2, Marauder  
  109  8:40  SCV x3  
  120  8:44  Marine  
  120  8:45  Supply Depot  
  120  8:46  Supply Depot, Starport  
  120  8:47  Combat Shield  
  121  8:52  SCV x3, Refinery  
  121  8:55  Command Center  
  124  9:00  Marauder  
  126  9:11  Marine x4, Siege Tank, Marauder x2  
  126  9:14  SCV x3  
  140  9:21  Marine  
  141  9:26  SCV  
  141  9:28  Starport Reactor  
  141  9:29  Marine, Viking x2  
  147  9:34  Supply Depot x2, Armory  
  129  9:58  Marine x3, Marauder x3  
  131  10:00  Viking x2  
  131  10:05  Viking x2  
  139  10:07  Barracks x2  
  139  10:08  Barracks  
  139  10:14  Command Center  
  139  10:23  Marine x2, Marauder x3  
  139  10:24  Siege Tank  
  150  10:33  Viking x2  
  154  10:38  SCV x2  
  154  10:41  Planetary Fortress  
  156  10:43  SCV  
  157  10:50  SCV  
  157  10:51  Marauder  
  157  10:52  Marine, Marauder x2  
  157  10:56  Refinery  
  165  11:00  Refinery  
  147  11:15  Viking x4  
  147  11:18  Terran Infantry Weapons Level 2, Barracks Tech Lab x3  
  146  11:19  Terran Infantry Armor Level 2  
  146  11:20  Starport  
  146  11:22  Fusion Core  
  146  11:25  Marauder x2  
  153  11:40  Marine x3, Marauder x4  
  153  11:46  Marauder  
  162  11:49  Orbital Command  
  160  11:55  Command Center  
  160  12:01  Starport Tech Lab  
  160  12:05  Viking  
  160  12:06  Viking x3  
  168  12:09  Liberator  
  167  12:23  Siege Tank  
  167  12:24  Advanced Ballistics  
  167  12:29  Liberator x2  
  173  12:38  Supply Depot  
  173  12:47  Viking x2  
  183  12:56  Liberator  
  180  12:59  Liberator  
  176  13:07  Liberator  
  176  13:12  Liberator  
  172  13:19  Liberator  
  150  13:35  Marine, Marauder x2  
  150  13:36  Marine x2, Marauder x4  
  150  13:39  Liberator  
  164  13:42  Liberator  
  164  13:44  Planetary Fortress  
  164  13:45  Command Center  
  164  13:49  Refinery  
  164  13:50  Liberator  
  164  13:54  Liberator  
  164  13:57  Marauder x2  
  164  14:02  Marine, Marauder x4  
  183  14:09  Siege Tank  
  189  14:15  Liberator  
  192  14:18  Marauder x2  
  192  14:23  Marauder  
  192  14:24  Marauder  
  191  14:34  Terran Ship Weapons Level 1  
  191  14:36  Marine  
  191  14:37  Marauder x2  
  199  14:52  Liberator  
  193  15:00  Liberator x3, Marauder x4  
  192  15:27  Marauder x5  
  197  15:37  Liberator  
  197  15:38  Liberator  
  197  15:43  Liberator  
  197  15:44  Marine  
  197  15:45  Marauder  
  194  15:57  Siege Tank  
  200  16:09  Planetary Fortress  
  200  16:12  Starport  
  200  16:15  Starport  
  200  16:28  Refinery  
  200  16:29  Refinery  
  164  16:47  Marine  
Tags
 
Add a new tag
Caveats
  • Supply blocks, unpowered buildings, or Contaminate may cause inaccurate times.
  • Supply counts are checked every 10 seconds.